 Seeded DCSS version 0.29.1-15-g9cfb28693d (webtiles) character file.

Game seed: 16245865983455551772 (custom seed)

126 Darius099 the Sneak (level 5, 0/34 HPs)
             Began as an Octopode Brigand on Mar 8, 2023.
             Slain by an orc wizard
             ... wielding a +0 dagger
              (3 damage)
             ... on level 3 of the Dungeon.
             The game lasted 00:01:56 (2041 turns).

Darius099 the Sneak (Octopode Brigand)              Turns: 2041, Time: 00:01:56

Health: 0/34       AC:  1    Str: 10    XL:     5   Next: 9%
Magic:  5/5        EV: 14    Int: 26    God:
Gold:   1604       SH:  0    Dex: 15    Spells: 4/4 levels left

rFire   . . .      SeeInvis .   a - +2 dagger
rCold   . . .      Faith    .   (no shield)
rNeg    . . .      Spirit   .   (helmet restricted)
rPois   .          Reflect  .   (no amulet)
rElec   .          Harm     .   g - +6 ring of intelligence
rCorr   .          Rampage  .   i - +6 ring of intelligence
Will    .....                   (no ring)
Stlth   ++++......              (no ring)
HPRegen 0.11/turn               (no ring)
MPRegen 0.09/turn               (no ring)
                                (no ring)
                                (no ring)

@: studying Hexes
A: almost no armour, amphibious, 8 rings, camouflage 1, gelatinous body 1,
(nimble swimmer 1), tentacles
a: no special abilities


You were on level 3 of the Dungeon.
You visited 1 branch of the dungeon, and saw 3 of its levels.

You collected 1604 gold pieces.

Inventory:

Hand Weapons
 a - a +2 dagger (weapon)
Missiles
 b - 11 poisoned darts (quivered)
 c - 3 curare-tipped darts
Jewellery
 g - a +6 ring of intelligence (left tentacle)
 i - a +6 ring of intelligence (right tentacle)
Wands
 n - a wand of roots (4)
Scrolls
 d - a scroll of noise {unknown}
 h - 2 scrolls of teleportation {unknown}
 j - 2 scrolls of identify {unknown}
 l - a scroll of summoning {unknown}
 m - a scroll of enchant weapon {unknown}
Potions
 e - a potion of might {unknown}
 f - 2 potions of flight {unknown}
 k - a potion of lignification {unknown}


   Skills:
 - Level 2.0 Fighting
 + Level 3.3 Short Blades
 - Level 2.0 Throwing
 + Level 2.7 Dodging
 + Level 6.6 Stealth


You had 4 spell levels left.
You didn't know any spells.
Your spell library contained the following spells:

 Spells                   Type           Power      Damage    Failure   Level
 Sting                    Tmut/Pois      0%         1d3       13%         1
 Poisonous Vapours        Pois/Air       0%         N/A       19%         2
 Olgreb's Toxic Radiance  Pois           0%         N/A       77%         4
 Chain Lightning          Conj/Air       0%         N/A       100%        9
 Fire Storm               Conj/Fire      0%         5d1       100%        9
 Shatter                  Erth           0%         3d5*      100%        9


Dungeon Overview and Level Annotations

Branches:
Dungeon (3/15)

Altars:

Shops:
D:3 [


Innate Abilities, Weirdness & Mutations

You cannot wear most types of armour.
You are amphibious.
You can wear up to eight rings at the same time.
Your skin changes colour to match your surroundings (Stealth+).
Your rubbery body absorbs attacks. (AC +1, EV +1)
((You are camouflaged when in or above water. (Stealth+)))
You have tentacles for arms and can constrict up to eight enemies at once.


Message History

You hit the orc. Your grab misses the orc.
You squeeze the orc, but do no damage.
The orc is severely wounded.
The orc misses you.
You hit the orc but do no damage. You grab the orc.
The orc is severely wounded.
You constrict the orc.
The orc struggles to escape constriction.
You hit the orc but do no damage.
The orc is almost dead.
You constrict the orc.
You kill the orc!
You miss something. Your squeeze misses something. Something barely misses you.
You miss something. You squeeze something! Something hits you.
The orc hits you with a +0 dagger.
Things that are here:
a +0 dagger; a +0 leather armour You hit the orc.
You grab the orc.
The orc is heavily wounded.
You constrict the orc. Something hits you. The orc barely misses you.
You hit the orc.
You kill the orc!
Something hits you.
Found an escape hatch in the floor.
Items here: )) [ †.
You start resting.
Something hits you.
You start resting.
Something hits you but does no damage.
You start resting.
You hear some strange, mumbled words.
A magic dart appears from out of thin air!
The magic dart hits you.
* * * LOW HITPOINT WARNING * * *
You closely miss something. Something hits you but does no damage.
You hit something. Something hits you.
* * * LOW HITPOINT WARNING * * *
You miss something. Your squeeze misses something. Something hits you.
* * * LOW HITPOINT WARNING * * *
You miss something. Something hits you.
* * * LOW HITPOINT WARNING * * *
You hit something. Something hits you.
You die...

#### #.#. ######
#... .... ... ..#
#.###.#####.#####
#.....@{))......#
#####.###.#...#.##
>.. #..#.#...#
..### #...∩....#
... #..#.#...# .#
#.#...#..######
................
###.#.###########
...#. .......


There were no monsters in sight!

Vanquished Creatures
  Jessica (D:2)
  An orc wizard (D:3)
  Natasha (D:3)
  An adder (D:2)
  3 orcs (D:3)
  2 ball pythons (D:1)
  3 bats
  4 endoplasms (D:1)
  2 goblins (D:1)
  5 hobgoblins
  4 kobolds
  3 quokkas (D:1)
  3 frilled lizards
  5 rats
38 creatures vanquished.

Vanquished Creatures (others)
  2 plants (D:3)
2 creatures vanquished.

Grand Total: 40 creatures vanquished

Notes
Turn   | Place    | Note
-------+----------+-------------------------------------------
     0 | D:1      | Darius099 the Octopode Brigand began the quest for the Orb.
     0 | D:1      | Reached XP level 1. HP: 14/14 MP: 1/1
   260 | D:1      | Reached XP level 2. HP: 18/19 MP: 2/2
   336 | D:1      | Found a faded altar of an unknown god.
   970 | D:1      | Reached XP level 3. HP: 24/24 MP: 3/3
  1089 | D:2      | Noticed Jessica
  1093 | D:2      | Killed Jessica
  1094 | D:2      | Reached skill level 6 in Stealth
  1094 | D:2      | Reached XP level 4. HP: 29/29 MP: 4/4
  1608 | D:2      | Identified 3 scrolls of acquirement
  1608 | D:2      | Acquired 874 gold pieces
  1609 | D:2      | Acquired a manual of Hexes
  1610 | D:2      | Acquired 608 gold pieces
  1846 | D:3      | Noticed Natasha
  1852 | D:3      | Killed Natasha
  1999 | D:3      | Found Ymmy Ciutu's Antique Armour Shoppe.
  2018 | D:3      | Reached XP level 5. HP: 25/34 MP: 5/5
  2041 | D:3      | Slain by an orc wizard

Illustrated notes

Levels and vault maps discovered:
D:1:      minmay_arrival_hallway, layout_loops_corners, basic_ecumenical_altar,
          minmay_unequal
D:2:      layout_loops_ring, uniq_jessica
D:3:      layout_basic, serial_shops, nicolae_shop_advertising_works
          [nicolae_subvault_shop_adworks], minmay_shallow_snake_nest,
          uniq_natasha

Skill      XL: |  1  2  3  4 |
---------------+-------------+-----
Dodging        | 2 |  2.7
Stealth        | 6 |  6.6
Short Blades   | 3 |  3.3
Fighting       | |  2.0
Throwing       | |  2.0

Action                   |  1- 3 |  4- 6 || total
-------------------------+-------+-------++-------
Melee: Dagger            |    35 |    44 ||    79
       Tentacles         |     8 |     8 ||    16
       Constrict         |     7 |     6 ||    13
       Punch             |     1 |     1 ||     2
  Use: Scroll            |       |     3 ||     3
 Stab: Sleeping          |    13 |     7 ||    20
Armor: Skin              |     2 |     4 ||     6
Dodge: Dodged            |    17 |    16 ||    33
